Map: [ESL] Oceanborn

Players

SKillous - Winner!

  • Race: Protoss Protoss
  • League: Grandmaster
  • Spawn Location: 11:00

Stats

  • Race: Protoss Protoss
  • League: Master
  • Spawn Location: 5:00

Event: Bellum Gens Elite Stara Zagora 2024

VOD

Have the link to the VOD?

Description

Time

  • Played on: Sept. 5, 2024, 11:25 a.m.
  • Length: 11:40

All games in this series

Show
View Real Time Build Order
Export as new Build Order

SKillous Protoss - Winner!

Build Orders: Phoenix Opening, Blink Stalkers, Zealot Archon 

Get SALT Encoding   

  12  0:00  Probe  
  13  0:12  Probe  
  14  0:17  Pylon  
  14  0:24  Probe  
  15  0:35  Gateway  
  15  0:36  Probe (Chrono Boost)  
  16  0:45  Probe (Chrono Boost)  
  16  0:46  Assimilator  
  17  0:51  Probe (Chrono Boost)  
  17  0:54  Assimilator  
  18  1:03  Probe (Chrono Boost)  
  19  1:06  Gateway  
  20  1:12  Probe (Chrono Boost)  
  20  1:17  Probe (Chrono Boost)  
  20  1:22  Cybernetics Core  
  21  1:29  Probe  
  22  1:34  Pylon  
  22  1:41  Probe  
  23  1:53  Probe  
  24  1:59  Sentry  
  24  2:00  Warp Gate  
  26  2:15  Nexus  
  26  2:19  Sentry  
  26  2:22  Probe  
  29  2:28  Pylon  
  29  2:30  Phoenix  
  29  2:34  Probe  
  30  2:38  Shield Battery  
  30  2:46  Sentry, Probe  
  33  2:51  Stalker  
  35  3:00  Twilight Council  
  35  3:03  Probe  
  36  3:14  Stalker  
  36  3:15  Probe  
  39  3:25  Phoenix  
  39  3:28  Probe (Chrono Boost)  
  39  3:29  Probe (Chrono Boost)  
  39  3:30  Blink (Chrono Boost)  
  41  3:38  Probe x2 (Chrono Boost)  
  43  3:43  Probe x2 (Chrono Boost)  
  45  3:48  Stalker  
  45  3:53  Stalker  
  45  3:55  Probe  
  50  3:56  Probe  
  50  4:00  Pylon  
  51  4:07  Probe  
  51  4:08  Probe  
  53  4:18  Stalker x2  
  53  4:21  Probe  
  58  4:30  Probe  
  58  4:31  Nexus  
  59  4:33  Probe  
  59  4:35  Pylon  
  60  4:42  Probe  
  60  4:43  Assimilator  
  60  4:45  Probe  
  62  4:54  Probe  
  62  4:56  Forge  
  62  4:57  Stalker x2, Probe  
  68  5:02  Pylon  
  68  5:06  Probe  
  69  5:09  Probe  
  71  5:21  Probe (Chrono Boost)  
  71  5:25  Robotics Facility, Protoss Ground Weapons Level 1 (Chrono Boost), Probe (Chrono Boost)  
  71  5:27  Charge  
  72  5:31  Probe (Chrono Boost)  
  72  5:34  Probe (Chrono Boost)  
  74  5:38  Gateway x2, Probe (Chrono Boost)  
  75  5:43  Probe (Chrono Boost)  
  78  5:50  Probe (Chrono Boost)  
  78  5:51  Gateway x2  
  78  5:52  Probe x2 (Chrono Boost)  
  78  5:57  Probe x2 (Chrono Boost)  
  80  6:00  Probe  
  82  6:05  Nexus  
  82  6:08  Probe, Pylon  
  82  6:09  Probe  
  84  6:12  Templar Archives  
  84  6:13  Observer (Chrono Boost)  
  84  6:14  Probe  
  84  6:17  Gateway  
  84  6:18  Gateway  
  86  6:20  Probe  
  86  6:21  Probe  
  86  6:23  Pylon  
  86  6:24  Assimilator  
  88  6:26  Probe, Pylon  
  88  6:29  Observer (Chrono Boost)  
  91  6:32  Probe  
  91  6:33  Probe  
  91  6:38  Probe  
  93  6:40  Gateway  
  93  6:41  Gateway  
  93  6:44  Probe  
  93  6:46  Gateway  
  94  6:47  Gateway, Warp Prism (Chrono Boost)  
  94  6:50  Probe  
  94  6:54  Shield Battery, Probe  
  97  6:59  Zealot x2, High Templar x2  
  97  7:00  Observer  
  106  7:03  Archon  
  106  7:04  Pylon  
  106  7:08  Zealot x2, Protoss Ground Weapons Level 2 (Chrono Boost)  
  110  7:16  Pylon  
  110  7:20  Zealot x4  
  118  7:28  Pylon  
  118  7:34  High Templar x2  
  118  7:35  Zealot x3  
  128  7:37  Pylon  
  128  7:38  Archon  
  128  7:39  Zealot  
  128  7:40  Zealot x4  
  138  7:45  Zealot x2  
  142  7:52  Nexus  
  142  7:53  Nexus  
  142  7:58  Pylon  
  142  8:04  High Templar x2  
  142  8:05  Zealot x5  
  156  8:06  Zealot  
  156  8:08  Archon  
  158  8:20  Zealot x4  
  158  8:24  Pylon  
  158  8:25  Pylon  
  166  8:33  Pylon  
  166  8:38  Zealot x3  
  164  8:46  High Templar x2  
  164  8:47  Zealot x10  
  182  8:50  Protoss Ground Weapons Level 3 (Chrono Boost)  
  182  8:53  Archon  
  182  8:55  Gateway x2  
  182  9:08  Zealot x6  
  182  9:09  Zealot x3  
  194  9:18  Zealot  
  194  9:23  Zealot  
  194  9:24  Zealot  
  172  9:29  Zealot x9  
  190  9:45  Zealot x3  
  194  9:49  Zealot x6  
  194  9:50  Zealot  
  192  9:57  Zealot x4  
  168  10:07  Zealot x3  
  168  10:08  Shield Battery  
  168  10:09  Zealot x6  
  168  10:12  Zealot  
  184  10:20  Zealot x4  
  170  10:27  Zealot x3  
  164  10:32  Zealot x5  
  164  10:34  High Templar x7  
  164  10:36  Immortal (Chrono Boost)  
  158  10:49  Zealot, Archon x3, High Templar  
  151  10:50  Zealot x4  
  151  10:55  Zealot, Archon  
  152  11:13  Zealot x4  
  152  11:14  Zealot x8  
  152  11:16  Zealot  
  178  11:19  Zealot  
  170  11:27  Zealot  
  138  11:34  Zealot x7  
Show
View Real Time Build Order
Export as new Build Order

Stats Protoss 

Build Orders: Phoenix Opening, Archon Immortal, Blink Stalkers 

Get SALT Encoding   

  12  0:00  Probe  
  13  0:12  Probe  
  14  0:17  Pylon  
  14  0:24  Probe (Chrono Boost)  
  15  0:36  Gateway, Probe (Chrono Boost)  
  16  0:44  Probe (Chrono Boost)  
  16  0:46  Assimilator  
  17  0:51  Probe  
  17  0:54  Assimilator  
  18  1:03  Probe (Chrono Boost)  
  19  1:07  Gateway  
  19  1:14  Probe (Chrono Boost)  
  20  1:19  Probe (Chrono Boost)  
  20  1:23  Cybernetics Core  
  21  1:29  Probe  
  22  1:34  Pylon  
  22  1:41  Probe  
  23  1:53  Probe  
  24  2:00  Stalker, Warp Gate  
  28  2:09  Pylon  
  26  2:24  Nexus  
  26  2:27  Probe  
  26  2:29  Sentry  
  27  2:33  Sentry  
  31  2:39  Probe (Chrono Boost)  
  32  2:47  Twilight Council  
  33  2:51  Probe (Chrono Boost)  
  33  2:58  Pylon  
  33  2:59  Probe (Chrono Boost)  
  33  3:00  Phoenix  
  33  3:01  Sentry  
  36  3:05  Probe  
  37  3:17  Probe  
  38  3:24  Blink (Chrono Boost)  
  38  3:32  Probe (Chrono Boost)  
  39  3:35  Probe (Chrono Boost)  
  40  3:42  Phoenix  
  40  3:45  Probe (Chrono Boost)  
  40  3:46  Probe (Chrono Boost)  
  42  3:50  Stalker, Probe (Chrono Boost)  
  42  3:51  Stalker  
  42  3:54  Probe  
  48  4:02  Probe  
  49  4:06  Probe  
  50  4:13  Nexus  
  50  4:14  Probe  
  51  4:18  Stalker x2, Probe  
  51  4:22  Pylon  
  56  4:26  Probe  
  57  4:33  Probe  
  57  4:34  Assimilator  
  58  4:41  Stalker  
  58  4:42  Stalker  
  58  4:44  Shield Battery, Probe  
  63  4:46  Probe  
  63  4:48  Robotics Facility  
  64  4:57  Probe  
  64  4:58  Probe  
  66  5:01  Forge  
  66  5:07  Pylon  
  66  5:09  Phoenix, Probe  
  66  5:10  Probe  
  66  5:11  Gateway  
  65  5:21  Probe (Chrono Boost)  
  65  5:27  Probe (Chrono Boost)  
  65  5:28  Probe (Chrono Boost)  
  68  5:32  Probe (Chrono Boost)  
  68  5:33  Protoss Ground Weapons Level 1 (Chrono Boost)  
  68  5:34  Gateway  
  71  5:36  Probe (Chrono Boost)  
  71  5:37  Observer, Probe (Chrono Boost)  
  71  5:38  Probe (Chrono Boost)  
  71  5:41  Probe (Chrono Boost)  
  73  5:44  Charge  
  73  5:46  Probe  
  73  5:48  Probe  
  76  5:53  Probe  
  77  5:58  Probe  
  77  6:00  Probe  
  77  6:01  Observer  
  77  6:02  Gateway  
  77  6:03  Gateway  
  77  6:04  Gateway x2  
  80  6:05  Probe  
  80  6:08  Pylon  
  81  6:12  Pylon  
  81  6:13  Templar Archives  
  81  6:19  Immortal  
  81  6:21  Pylon  
  85  6:26  Nexus  
  85  6:38  Zealot x4  
  93  6:40  Probe x3  
  93  6:45  Shield Battery  
  96  6:50  Shield Battery  
  96  6:52  Probe x3  
  99  6:58  Immortal  
  103  7:04  Probe x3, High Templar x2  
  103  7:05  Zealot x3  
  116  7:10  Protoss Ground Weapons Level 2 (Chrono Boost)  
  116  7:11  Pylon  
  116  7:12  Pylon  
  116  7:13  Archon, Pylon  
  116  7:14  Pylon  
  116  7:20  Probe  
  117  7:29  Probe x2  
  119  7:32  Immortal  
  119  7:34  Assimilator  
  119  7:39  Gateway x2  
  123  7:47  Zealot x4  
  123  7:48  Zealot x4  
  139  7:51  Observer  
  139  7:53  Shield Battery  
  139  7:55  Photon Cannon  
  139  8:04  Pylon  
  139  8:07  Pylon  
  139  8:11  Immortal  
  139  8:12  Observer  
  143  8:16  High Templar  
  143  8:17  Zealot x6  
  143  8:19  High Templar  
  158  8:21  Photon Cannon  
  158  8:24  Archon  
  158  8:35  Zealot x2  
  158  8:37  Stalker  
  158  8:38  Stalker x3  
  158  8:40  Zealot x2  
  172  8:50  Pylon  
  172  8:51  Pylon  
  172  8:52  Warp Prism (Chrono Boost)  
  172  8:53  Pylon  
  172  8:55  Gateway  
  174  8:56  Gateway  
  174  9:09  High Templar x2  
  178  9:12  Zealot x7  
  178  9:13  Archon  
  186  9:21  Zealot  
  180  9:33  Zealot x7  
  192  9:46  Zealot x3  
  148  10:05  Zealot x8  
  148  10:06  Zealot x4  
  154  10:12  Probe x4  
  142  10:26  Zealot x7  
  142  10:27  Zealot x3  
  139  10:37  Zealot x2  
  123  10:50  High Templar x4  
  123  10:55  Archon  
  123  10:56  Archon  
  127  11:09  Pylon  
  127  11:11  High Templar  
  125  11:12  Zealot x6, High Templar  
  125  11:15  Archon  
  139  11:21  Zealot x3  
  129  11:29  Zealot  
Tags
 
Add a new tag
Caveats
  • Supply blocks, unpowered buildings, or Contaminate may cause inaccurate times.
  • Supply counts are checked every 10 seconds.